AoeStats
← JIJINz

African Clearing

510803793Analyzed
4v4 RM · 9h ago on Oct 2, 2026· 24m 43s· 8 players
Game mode
Random Map
Map size
Large (8 player)
Population
200
Speed
Normal
Resources
Standard
Victory
Conquest
Starting age
Dark Age
Ending age
Imperial Age
RankedLock teamsTeams togetherTeam positionsShared explorationLock speedFull tech treeHidden civsTurbo modeCheats
Victory
Defeat
1562
+11
🇯🇵 Saxons · Japan
1533
+12
🇨🇳 Jurchens · China
1378
+19
🇹🇼 Magyars · Taiwan
1368
+19
🇹🇷 Persians · Türkiye
1514
-18
🇫🇮 Jurchens · Finland
1433
-15
🇫🇮 Vikings · Finland
1427
-15
🇮🇳 Armenians · India
1393
-13
Yasuo, the Unforgiven
13:04 Feudal Age
12:45 Loom
15:54 Bloodlines
17:42 Double-Bit Axe
19:06 Horse Collar
FreakinGorkha
10:35 Loom
12:52 Feudal Age
12:58 Man-at-Arms
16:06 Fletching
19:49 Double-Bit Axe
22:39 Horse Collar
26:33 Castle Age
Apep
13:18 Feudal Age
14:02 Loom
16:54 Castle Age
14:57 Double-Bit Axe
15:24 Horse Collar
17:03 Scale Barding Armor
17:40 Bow Saw
19:27 Wheelbarrow
19:44 Husbandry
22:41 Forging
cro55b0w
4:37 Loom
14:09 Feudal Age
23:59 Castle Age
JIJINz
13:19 Feudal Age
11:37 Loom
17:39 Castle Age
15:58 Double-Bit Axe
16:31 Fletching
18:28 Bodkin Arrow
19:11 Bow Saw
22:36 Padded Archer Armor
22:53 Gold Mining
23:40 Wheelbarrow
23:44 Town Watch
Mustafa90
10:56 Loom
11:04 Loom
13:15 Feudal Age
11:50 Loom
20:14 Wheelbarrow
GARCIA1979
9:32 Loom
11:59 Feudal Age
12:45 Double-Bit Axe
12:47 Horse Collar
24:56 Castle Age
23:11 Gold Mining
24:41 Fletching
trói em vào cột điện
11:43 Feudal Age
12:14 Double-Bit Axe
12:14 Domestication
13:52 Loom
14:48 Forging
17:17 Scale Barding Armor
22:38 Castle Age
23:53 Wheelbarrow
22:41 Light Cavalry
24:13 Iron Casting
24:54 Husbandry
Connection lost

Rejoining the realm…

Still unreachable

The connection could not be restored.

Session expired

The server has moved on; the page needs a fresh start.